 Dungeon Crawl Stone Soup version 0.20.1-1-g8b1a95d (webtiles) character file.

237 Glalom the Chopper (level 5, 0/46 HPs)
             Began as a Deep Dwarf Fighter on Nov 1, 2017.
             Slain by an ogre
             ... wielding a +0 giant club
              (23 damage)
             ... on level 3 of the Dungeon.
             The game lasted 00:07:11 (1785 turns).

Glalom the Chopper (Deep Dwarf Fighter)             Turns: 1785, Time: 00:07:12

Health: 0/46       AC:  9    Str: 20    XL:     5   Next: 77%
Magic:  3/3        EV: 12    Int:  8    God:
Gold:   148        SH:  0    Dex: 13    Spells: 4/4 levels left

rFire    . . .     SeeInvis .   a - +0 war axe
rCold    . . .     Gourm    .   (no shield)
rNeg     . . .     Faith    .   b - +0 scale mail
rPois    .         Spirit   .   (no helmet)
rElec    .         Reflect  .   (no cloak)
rCorr    +         Harm     .   v - +0 pair of gloves
MR       .....                  p - +0 pair of boots
Stlth    ..........             (no amulet)
Regen    0.0/turn               e - ring of resist corrosion
MPRegen  0.1/turn               q - +3 ring of evasion

@: non-regenerating
A: damage resistance, heal wounds, sense surroundings 1, no regeneration
a: Heal Wounds


You were on level 3 of the Dungeon.
You were not hungry.

You visited 1 branch of the dungeon, and saw 3 of its levels.

You collected 148 gold pieces.

Inventory:

Hand Weapons
 a - a +0 war axe (weapon)
Armour
 b - a +0 scale mail (worn)
 c - a +0 shield
 p - a +0 pair of boots (worn)
 v - a +0 pair of gloves (worn)
Jewellery
 e - a ring of resist corrosion (left hand)
 q - a +3 ring of evasion (right hand)
Wands
 u - a wand of flame (18/48)
Scrolls
 h - 4 scrolls of identify {unknown}
 k - a scroll of immolation {unknown}
 s - 3 scrolls of teleportation {unknown}
 t - a scroll of recharging {unknown}
Potions
 d - a potion of might
 i - a potion of lignification {unknown}
 l - a potion of degeneration {unknown}
 m - 2 potions of curing {unknown}
 r - 2 potions of agility {unknown}
Comestibles
 f - 2 bread rations
 g - 19 chunks of flesh
 j - 2 royal jellies
 n - 4 fruits
 o - 2 meat rations


   Skills:
 - Level 2.7 Fighting
 + Level 6.7 Axes
 - Level 3.2 Armour
 - Level 3.2 Shields


You had 4 spell levels left.
You didn't know any spells.

Dungeon Overview and Level Annotations

Branches:
Dungeon (3/15)

Altars:
Gozag


Innate Abilities, Weirdness & Mutations

You are resistant to damage.
You can heal yourself by infusing magical energy.
You passively map a small area around you.
You do not regenerate.


Message History

The ogre is lightly wounded.
You completely miss the ogre.
The ogre is lightly wounded.
The ogre misses you.
The quokka twitches its whiskers.
You barely miss the ogre.
The ogre is lightly wounded.
The ogre closely misses you.
You slash the ogre!
The ogre is heavily wounded.
The ogre closely misses you.
You hit the ogre but do no damage.
The ogre is heavily wounded.
The ogre hits you with a giant club!
You hit the ogre.
The ogre is heavily wounded.
The quokka twitches its whiskers.
The ogre hits you with a giant club!!
Ouch! That really hurt!
You die...

..........+.... ..>...
..........#..........# *
................#....#
#####...........#....#####*
# #...............!.....
#####.....................
................r#........
.............#+#O#.#* *
.............#.#@#.#########
...............#...........#
.............###...........#
.............#.............#
......###.####.##..........#
..........#................#
#.....##.##................#
...........................#
...................>.......#


You could see an ogre and a quokka.

Vanquished Creatures
  A howler monkey (D:3)
  Robin (D:2)
  4 gnolls (D:2)
  3 adders (D:2)
  4 worms
  2 dart slugs (D:1)
  4 leopard geckos
  8 orcs (D:3)
  2 giant cockroaches (D:1)
  17 goblins
  10 hobgoblins
  4 jackals
  10 bats
  9 frilled lizards
  5 kobolds
  11 rats
95 creatures vanquished.

Notes
Turn   | Place    | Note
-------+----------+-------------------------------------------
     0 | D:1      | Glalom the Deep Dwarf Fighter began the quest for the Orb.
     0 | D:1      | Reached XP level 1. HP: 20/20 MP: 1/1
   142 | D:1      | Reached XP level 2. HP: 24/27 MP: 2/2
   148 | D:1      | Reached skill level 3 in Axes
   345 | D:1      | Reached XP level 3. HP: 27/33 MP: 3/3
   529 | D:1      | Reached skill level 4 in Axes
   794 | D:2      | Reached XP level 4. HP: 20/40 MP: 4/4
   997 | D:2      | Reached skill level 5 in Axes
  1048 | D:2      | Noticed Robin
  1133 | D:2      | Killed Robin
  1133 | D:2      | Reached XP level 5. HP: 27/46 MP: 4/4
  1393 | D:2      | Reached skill level 6 in Axes
  1696 | D:3      | Found an opulent altar of Gozag.
  1776 | D:3      | Noticed an ogre
  1785 | D:3      | Slain by an ogre

Skill      XL: |  1  2  3  4  5 |
---------------+----------------+-----
Axes           | 3 4 5 6 |  6.7
Fighting       | |  2.7
Armour         | |  3.2
Shields        | |  3.2

Action                   |  1- 3 |  4- 6 || total
-------------------------+-------+-------++-------
Melee: War axe           |   104 |   216 ||   320
 Abil: Heal Wounds       |       |     5 ||     5
  Eat: Chunk             |       |     4 ||     4
Armor: Scale mail        |    56 |   122 ||   178
Dodge: Dodged            |    76 |   195 ||   271
Block: Shield            |     8 |       ||     8
